 Dungeon Crawl Stone Soup version 0.22.0-38-g04b72b8 (webtiles) character file.

8028 HEYYEYAAE the Spear-Bearer (level 10, -10/88 HPs)
             Began as a Demigod Gladiator on Aug 30, 2018.
             Mangled by an orc warrior
             ... wielding a +0 halberd
              (12 damage)
             ... in a bailey.
             The game lasted 00:12:58 (9607 turns).

HEYYEYAAE the Spear-Bearer (Demigod Gladiator)      Turns: 9607, Time: 00:12:59

Health: -10/88     AC: 11    Str: 23    XL:     10   Next: 75%
Magic:  13/13      EV: 12    Int: 12    God:
Gold:   338        SH:  0    Dex: 17    Spells: 9/9 levels left

rFire    . . .     SeeInvis .   n - +9 halberd
rCold    . . .     Gourm    .   (shield currently unavailable)
rNeg     . . .     Faith    .   M - +3 ring mail
rPois    +         Spirit   .   c - +0 helmet
rElec    .         Reflect  .   E - +0 cloak
rCorr    .         Harm     +   l - +0 pair of gloves
MR       +....                  (no boots)
Stlth    +.........             t - amulet of harm
HPRegen  0.24/turn              i - ring of poison resistance
MPRegen  0.13/turn              (no ring)

@: no status effects
A: high mp 1
a: no special abilities


You were in a bailey.
You were hungry.

You visited 1 branch of the dungeon, and saw 9 of its levels.
You also visited: Ossuary and Bailey.

You collected 574 gold pieces.
You spent 236 gold pieces at shops.

Inventory:

Hand Weapons
 a - a +0 trident
 n - a +9 halberd (weapon)
 B - a +0 halberd
 N - a +0 bardiche
Missiles
 d - 3 throwing nets (quivered)
Armour
 c - a +0 helmet (worn)
 l - a +0 pair of gloves (worn)
 E - a +0 cloak (worn)
 M - a +3 ring mail (worn)
Jewellery
 i - a ring of poison resistance (left hand)
 t - an amulet of harm (around neck)
 v - an uncursed amulet of the acrobat
 J - an uncursed amulet of magic regeneration {unknown}
 K - an uncursed ring of flight {unknown}
Wands
 w - a wand of flame (26)
 y - a wand of enslavement (5)
 z - a wand of clouds (1)
 A - a wand of random effects (23)
 F - a wand of acid (7)
Scrolls
 e - 2 scrolls of immolation
 h - 4 scrolls of fog
 k - a scroll of enchant weapon
 m - 7 scrolls of teleportation
 o - 2 scrolls of remove curse
 s - 2 scrolls of fear
 C - a scroll of amnesia
 D - a scroll of noise
 L - a scroll of blinking {unknown}
Potions
 b - 5 potions of curing
 g - 7 potions of haste
 j - 2 potions of invisibility {unknown}
 p - 4 potions of berserk rage
 q - 2 potions of ambrosia
 r - 2 potions of flight {unknown}
 u - 2 potions of brilliance {unknown}
 x - 2 potions of lignification {unknown}
 G - a potion of magic {unknown}
 H - a potion of cancellation {unknown}
 I - a potion of degeneration {unknown}
 O - 3 potions of heal wounds
Comestibles
 f - 13 rations


   Skills:
 + Level 7.8 Fighting
 * Level 13.5 Polearms
 - Level 1.7 Throwing
 - Level 2.6 Dodging


You had 9 spell levels left.
You didn't know any spells.
Your spell library contained the following spells:

 Spells                   Type           Power        Failure   Level  Hunger
 Confusing Touch          Hex            #.....       47%         1    ##.....
 Magic Dart               Conj           #...         47%         1    ##.....
 Searing Ray              Conj           #.....       63%         2    ###....
 Confuse                  Hex            #.......     85%         3    ####...
 Dazzling Spray           Conj/Hex       #.....       85%         3    ####...
 Gell's Gravitas          Tloc           #.........   85%         3    ####...
 Force Lance              Conj/Tloc      #.......     99%         4    #####..
 Fulminant Prism          Conj/Hex       #.........   99%         4    #####..
 Iskenderun's Mystic Bla  Conj           #.......     99%         4    #####..
 Petrify                  Tmut/Erth      #.......     99%         4    #####..
 Metabolic Englaciation   Hex/Ice        #.........   100%        5    ######.
 Yara's Violent Unravell  Hex/Tmut       #.........   100%        5    ######.


Dungeon Overview and Level Annotations

Branches:
Dungeon (9/15)             Temple (0/1) D:5             Orc (0/2) D:9
   Lair: D:8-11

Shops:
D:4 ?

Annotations:
D:8 3 runed doors, nicolaieve's ghost, novice MiBe


Innate Abilities, Weirdness & Mutations

You have an increased reservoir of magic. (+10% MP)


Message History

Press: ? - help, Shift-Dir - straight line, f/p - orc warrior
Aim: an orc warrior, wielding a halberd and wearing a chain mail (lightly wounded, unusually strong)
The bolt of acid hits the orc warrior.
The orc warrior is splashed with acid.
The acid corrodes the orc warrior!
The orc warrior is heavily wounded.
Evoke which item? (* to show all) (? for menu, Esc to quit)
Aiming: Corrosive Bolt
Press: ? - help, Shift-Dir - straight line, f/p - orc warrior
Aim: an orc warrior, wielding a halberd and wearing a chain mail (heavily wounded, unusually strong, covered in acid)
The bolt of acid hits the orc warrior.
The orc warrior is splashed with acid.
The acid corrodes the orc warrior!
The orc warrior is almost dead.
The bolt of acid hits the orc.
The orc is splashed with acid.
You kill the orc!
The orc no longer looks unusually strong.
The orc warrior no longer looks unusually strong.
The orc hits you from afar with a halberd!
* * * LOW HITPOINT WARNING * * *
The orc warrior hits you from afar with a halberd!
You die...

#..)..#
#.))).#
#.))..#
#.....#
#.....#
##o''##
##..o..##
#.......#
#...@...#
#.......#
#.).....#
#.......#
##.))).##
###)###
#).)#
#...#
#...#


You could see an orc warrior and an orc.

Vanquished Creatures
  2 orc knights (Bailey)
  A cyclops (D:7)
  Joseph (D:9)
  A troll (D:9)
  2 hippogriffs (D:8)
  7 spriggans (D:8)
  3 hungry ghosts
  Edmund (D:6)
  5 orc warriors
  2 ice beasts (D:7)
  A phantom (D:8)
  A black bear (D:6)
  2 sky beasts
  8 ogres
  2 centaurs
  4 bullfrogs
  An elf zombie (Ossuary)
  2 scorpions
  4 killer bees (D:9)
  A wight (D:8)
  A howler monkey (D:5)
  A bullfrog zombie (D:6)
  4 crimson imps
  A jelly (D:7)
  A centaur zombie (D:5)
  3 hounds
  4 orc priests
  A centaur skeleton (D:6)
  A human zombie (Ossuary)
  10 orc wizards
  Crazy Yiuf (D:5)
  Jessica (D:2)
  An iguana (D:8)
  10 worker ants
  3 hound zombies (Ossuary)
  4 mummies (Ossuary)
  A hound skeleton (D:7)
  Robin (D:3)
  9 gnolls
  11 adders
  2 river rats (D:4)
  3 shadow imps
  An ooze (D:4)
  An adder zombie (Ossuary)
  6 worms
  6 dart slugs
  2 leopard geckos
  67 orcs
  8 bats
  5 giant cockroaches
  A gnoll zombie (Ossuary)
  17 goblins
  8 hobgoblins
  7 jackals
  5 kobolds
  A quokka (D:2)
  4 frilled lizards
  A goblin skeleton (D:5)
  A goblin zombie (Ossuary)
  3 hobgoblin zombies (D:5)
  A jackal zombie (Ossuary)
  A kobold skeleton (D:5)
  A kobold zombie (Ossuary)
  An orc skeleton (D:5)
  3 orc zombies
  A quokka skeleton (D:5)
  2 quokka zombies
  11 rats
  A spectral orc (D:3)
291 creatures vanquished.

Vanquished Creatures (collateral kills)
  An orc warrior (Bailey)
  An orc (Bailey)
2 creatures vanquished.

Vanquished Creatures (others)
  2 orc warriors (Bailey)
  An elf zombie (Ossuary)
3 creatures vanquished.

Grand Total: 296 creatures vanquished

Notes
Turn   | Place    | Note
-------+----------+-------------------------------------------
     0 | D:1      | HEYYEYAAE the Demigod Gladiator began the quest for the Orb.
     0 | D:1      | Reached XP level 1. HP: 17/17 MP: 3/3
    80 | D:1      | Reached skill level 3 in Polearms
   176 | D:1      | Reached XP level 2. HP: 22/24 MP: 4/4
   744 | D:2      | Reached XP level 3. HP: 29/30 MP: 5/5
  1050 | D:2      | Found a faded altar of an unknown god.
  1407 | D:2      | Noticed Jessica
  1419 | D:2      | Killed Jessica
  1419 | D:2      | Reached skill level 4 in Polearms
  1419 | D:2      | Reached XP level 4. HP: 30/37 MP: 6/6
  2145 | D:3      | Noticed Robin
  2176 | D:3      | Killed Robin
  2659 | D:3      | Found a basalt altar of Yredelemnul.
  2812 | D:3      | Reached skill level 5 in Polearms
  2812 | D:3      | Reached XP level 5. HP: 37/44 MP: 7/7
  2972 | D:4      | Found a hide-covered altar of Uskayaw.
  2972 | D:4      | Found a glowing golden altar of the Shining One.
  3034 | D:4      | Found a sand-covered staircase.
  3039 | Ossuary  | Entered an ossuary
  3136 | Ossuary  | Reached skill level 6 in Polearms
  3136 | Ossuary  | Reached XP level 6. HP: 27/50 MP: 8/8
  3675 | D:4      | Found Acysoo's Magic Scroll Emporium.
  3681 | D:4      | Bought a scroll of enchant weapon for 82 gold pieces
  3681 | D:4      | Bought a scroll of identify for 22 gold pieces
  3681 | D:4      | Bought a scroll of fog for 22 gold pieces
  3681 | D:4      | Bought a scroll of remove curse for 33 gold pieces
  3681 | D:4      | Bought a scroll of identify for 22 gold pieces
  3681 | D:4      | Bought a scroll of teleportation for 33 gold pieces
  3743 | D:4      | Reached skill level 7 in Polearms
  4100 | D:5      | Entered Level 5 of the Dungeon
  4106 | D:5      | Found a runed door.
  4134 | D:5      | Reached XP level 7. HP: 56/56 MP: 9/9
  4138 | D:5      | Found a glowing golden altar of the Shining One.
  4172 | D:5      | Reached skill level 8 in Polearms
  4491 | D:5      | Found a sparkling altar of Nemelex Xobeh.
  4614 | D:4      | Bought a scroll of identify for 22 gold pieces
  4831 | D:5      | Found a staircase to the Ecumenical Temple.
  4983 | D:5      | Reached skill level 9 in Polearms
  5101 | D:5      | Reached XP level 8. HP: 62/62 MP: 10/10
  5528 | D:5      | Noticed Crazy Yiuf
  5530 | D:5      | Killed Crazy Yiuf
  5571 | D:6      | Reached skill level 10 in Polearms
  5604 | D:6      | Noticed Edmund
  5618 | D:6      | Killed Edmund
  5739 | D:6      | Found a blossoming altar of Fedhas.
  5739 | D:6      | Found a burning altar of Makhleb.
  5740 | D:6      | Found an opulent altar of Gozag.
  6258 | D:7      | Reached XP level 9. HP: 72/72 MP: 11/11
  6412 | D:7      | Reached skill level 11 in Polearms
  6426 | D:7      | Noticed a cyclops
  6611 | D:8      | Found a runed gate.
  6611 | D:8      | Found a runed gate.
  6612 | D:8      | Found a runed gate.
  6616 | D:8      | Noticed nicolaieve's ghost (novice MiBe)
  6630 | D:8      | Reached skill level 5 in Fighting
  7291 | D:8      | Reached skill level 12 in Polearms
  7486 | D:8      | Reached XP level 10. HP: 52/84 MP: 13/13
  8395 | D:7      | Killed a cyclops
  8716 | D:9      | Noticed Joseph
  8727 | D:9      | Killed Joseph
  8882 | D:9      | Reached skill level 13 in Polearms
  8968 | D:9      | Found a staircase to the Orcish Mines.
  9071 | D:9      | Found a flagged portal.
  9175 | Bailey   | Entered a bailey
  9572 | Bailey   | Noticed an orc knight
  9572 | Bailey   | Noticed an orc knight
  9592 | Bailey   | Killed an orc knight
  9606 | Bailey   | HP: 2/88 [orc/halberd (12)]
  9607 | Bailey   | Mangled by an orc warrior

Skill      XL: |  1  2  3  4  5  6  7  8  9 10 |
---------------+-------------------------------+-----
Fighting       | 2 4 6 7 |  7.8
Polearms       | 3 4 5 6 7 9 10 12 13 | 13.5
Throwing       | |  1.7
Dodging        | |  2.6

Action                   |  1- 3 |  4- 6 |  7- 9 | 10-12 || total
-------------------------+-------+-------+-------+-------++-------
Melee: Trident           |   132 |    10 |       |       ||   142
       Halberd           |       |   231 |   315 |   133 ||   679
Evoke: Wand              |       |       |     1 |    27 ||    28
  Use: Potion            |       |     2 |     2 |     1 ||     5
       Scroll            |       |    10 |     6 |     6 ||    22
  Eat: Chunk             |     2 |     5 |     3 |     7 ||    17
       Ration            |       |     1 |     3 |       ||     4
Armor: Leather armour    |    21 |       |       |       ||    21
       Scale mail        |    29 |   120 |    78 |    45 ||   272
Dodge: Dodged            |    78 |   139 |   131 |    64 ||   412
